 Dungeon Crawl Stone Soup version 0.29-a0-520-gc852659d43 (webtiles) character file.

Game seed: 10044129761448435678

73 bande the Skirmisher (level 4, -3/29 HPs)
             Began as a Gargoyle Fighter on May 31, 2022.
             Slain by a gnoll
             ... wielding a +0 halberd
              (12 damage)
             ... on level 1 of the Dungeon.
             The game lasted 00:02:52 (2314 turns).

bande the Skirmisher (Gargoyle Fighter)             Turns: 2314, Time: 00:02:53

Health: -3/29      AC: 10    Str: 20    XL:     4   Next: 27%
Magic:  4/4        EV:  9    Int:  8    God:
Gold:   124        SH:  4    Dex: 11    Spells: 3/3 levels left

rFire   . . .      SeeInvis .   a - +0 war axe
rCold   . . .      Faith    .   c - +0 buckler
rNeg    + . .      Spirit   .   b - +0 scale mail
rPois   ∞          Reflect  .   (no helmet)
rElec   +          Harm     .   (no cloak)
rCorr   .          Rampage  .   (no gloves)
Will    .....                   (no boots)
Stlth   ..........              (no amulet)
HPRegen 0.09/turn               (no ring)
MPRegen 0.09/turn               (no ring)

@: no status effects
A: sickness immunity, AC +3, negative energy resistance 1, electricity
resistance, torment resistance 1, petrification resistance
a: no special abilities


You were on level 1 of the Dungeon.
You visited 1 branch of the dungeon, and saw 2 of its levels.

You collected 124 gold pieces.

Inventory:

Hand Weapons
 a - a +0 war axe (weapon)
 o - a +0 flail
Missiles
 l - 2 throwing nets (quivered)
Armour
 b - a +0 scale mail (worn)
 c - a +0 buckler (worn)
Wands
 g - a wand of acid (5)
Scrolls
 i - a scroll of summoning {unknown}
 k - a scroll of identify
Potions
 d - a potion of might
 e - a potion of invisibility
 f - 2 potions of brilliance
 h - a potion of magic {unknown}
 j - a potion of curing {unknown}
 m - a potion of heal wounds {unknown}
 n - a potion of cancellation {unknown}


   Skills:
 + Level 4.1 Fighting
 + Level 2.5 Axes
 + Level 3.7 Armour
 - Level 0.1 Stealth
 + Level 3.6 Shields
 * Level 0.4 Evocations


You had 3 spell levels left.
You didn't know any spells.
Your spell library contained the following spells:

 Spells                   Type           Power      Damage    Failure   Level
 Slow                     Hex            0%         N/A       85%         1
 Confusing Touch          Hex            0%         N/A       99%         3
 Vampiric Draining        Necr           0%         2d6       99%         3


Dungeon Overview and Level Annotations

Branches:
Dungeon (2/15)

Altars:
Elyvilon


Innate Abilities, Weirdness & Mutations

You are immune to sickness and miasma.
Your stone body is resilient. (AC +3)
You are immune to poison.
You resist negative energy. (rN+)
You are resistant to electric shocks. (rElec)
You are resistant to unholy torment.
You are immune to petrification.


Message History

You slash the gnoll!
The gnoll is severely wounded.
The gnoll hits you but does no damage.
You slash the gnoll!
You kill the gnoll!
No target in view!
No target in view!
No target in view!
No target in view!
No target in view!
You start resting.
HP restored.
You start waiting.
Done waiting.
f - 2 potions of brilliance (gained 1)
You see here a +0 flail.
o - a +0 flail
There is a stone staircase leading down here.
You climb downwards.
You block the gnoll's attack.
There is a stone staircase leading up here.
Unknown command.
You block the gnoll's attack.
You climb upwards.
There is a stone staircase leading down here.
You hit the gnoll but do no damage. You block the gnoll's attack.
The gnoll hits you with a +0 halberd.
You barely miss the gnoll. The gnoll hits you with a +0 halberd.
You barely miss the gnoll. The gnoll closely misses you.
The gnoll hits you with a +0 halberd.
You barely miss the gnoll. The gnoll hits you with a +0 halberd!
You are too injured to fight recklessly!
You are too injured to fight recklessly!
You are too injured to fight recklessly!
You are too injured to fight recklessly!
You are too injured to fight recklessly!
You are too injured to fight recklessly!
You hit the gnoll but do no damage. The gnoll hits you but does no damage.
You closely miss the gnoll. You block the gnoll's attack.
The gnoll hits you with a +0 halberd!
You die...

########### #.........#
#.#######.# #.# #.#
#.#######.# ########
#.#.).....#
.......########g#.#######
...............[@.......#
######..###.###.#.####.##
#######.###.# #.#.#.##.#
#....##..##.###.#....#.#
'......[..........#.##.#
#....###..#.###.#....#.#
#....# ##.#...#.#.#..#.#
.....# #.....#.#.#..#.#
###### ##...........#.#


You could see a gnoll.

Vanquished Creatures
  2 gnolls (D:1)
  2 adders (D:2)
  3 endoplasms
  A giant cockroach (D:2)
  3 goblins
  5 hobgoblins
  A quokka (D:1)
  3 ball pythons
  7 bats
  3 frilled lizards (D:1)
  2 kobolds (D:2)
  2 rats
34 creatures vanquished.

Notes
Turn   | Place    | Note
-------+----------+-------------------------------------------
     0 | D:1      | bande the Gargoyle Fighter began the quest for the Orb.
     0 | D:1      | Reached XP level 1. HP: 14/14 MP: 1/1
   495 | D:1      | Reached XP level 2. HP: 19/19 MP: 2/2
  1222 | D:2      | Reached skill level 4 in Fighting
  1222 | D:2      | Reached XP level 3. HP: 21/24 MP: 3/3
  1487 | D:2      | Found a white marble altar of Elyvilon.
  1843 | D:1      | Reached XP level 4. HP: 11/29 MP: 4/4
  2314 | D:1      | Slain by a gnoll

Illustrated notes

Levels and vault maps discovered:
D:1:      dpeg_arrival_lava_temple_mockup, layout_basic
D:2:      layout_basic, basic_altar, dilly_ecumenical_altar_fadedgnrine,
          minmay_misc_feat_chi

Skill      XL: |  1  2 |
---------------+-------+-----
Axes           | 2 |  2.5
Fighting       | 4 |  4.1
Armour         | |  3.7
Stealth        | |  0.1
Shields        | |  3.6
Evocations     | |  0.4

Action                   |  1- 3 |  4- 6 || total
-------------------------+-------+-------++-------
Melee: War axe           |   101 |     8 ||   109
  Use: Scroll            |     5 |       ||     5
Armor: Scale mail        |    74 |     3 ||    77
Dodge: Dodged            |    61 |     4 ||    65
Block: Buckler           |    34 |     4 ||    38

Table legend: (Time is in decaauts)
 A = Elapsed time spent in this place.
 B = Non-inter-level travel time spent in this place.
 C = Inter-level travel time spent in this place.
 D = Time resting spent in this place.
 E = Time spent auto-exploring this place.
 F = Levels seen in this place.
 G = Mean time per level.
                   A        B        C        D        E       F      G
               +--------+--------+--------+--------+--------+-----+--------+
         Total |   2364 |   2364 |      0 |    449 |   1482 |   2 | 1182.0 |
       Dungeon |   2364 |   2364 |      0 |    449 |   1482 |   2 | 1182.0 |
               +--------+--------+--------+--------+--------+-----+--------+

Top non-repeatable levels by time:
     D:1: 1657 daAuts
     D:2: 706 daAuts
